 Dungeon Crawl Stone Soup version 0.25-a0-578-gc91f01c39c (webtiles) character file.

Game seed: 4622168445548709182, levelgen mode: deterministic

423 Gorglomux the Chopper (level 6, -1/51 HPs)
             Began as a Deep Dwarf Monk on Mar 4, 2020.
             Was a Believer of Makhleb.
             Slain by an ogre
             ... wielding a +0 giant club
              (25 damage)
             ... on level 4 of the Dungeon.
             The game lasted 00:04:02 (2943 turns).

Gorglomux the Chopper (Deep Dwarf Monk)             Turns: 2943, Time: 00:04:02

Health: -1/51      AC:  5    Str: 17    XL:     6   Next: 63%
Magic:  6/6        EV: 12    Int: 10    God:    Makhleb [**....]
Gold:   203        SH:  0    Dex: 15    Spells: 5/5 levels left

rFire    . . .     SeeInvis +   S - +2 hand axe (vamp)
rCold    . . .     Gourm    .   (no shield)
rNeg     . . .     Faith    .   u - +0 ring mail (curse)
rPois    .         Spirit   .   (no helmet)
rElec    .         Reflect  .   (no cloak)
rCorr    .         Harm     .   (no gloves)
MR       .....                  (no boots)
Stlth    +.........             (no amulet)
HPRegen  0.00/turn              s - ring of see invisible
MPRegen  0.10/turn              (no ring)

@: non-regenerating
A: damage resistance, heal wounds, frail 1, mutation resistance 1, sense
surroundings 1, no regeneration
a: Heal Wounds, Minor Destruction, Renounce Religion


You were on level 4 of the Dungeon.
You worshipped Makhleb.
Makhleb was pleased with you.
You were full.

You visited 2 branches of the dungeon, and saw 5 of its levels.

You collected 203 gold pieces.

Inventory:

Hand Weapons
 a - a +0 hand axe
 S - a +2 vampiric hand axe (weapon)
Missiles
 j - 2 boomerangs (quivered)
Armour
 b - a +0 robe
 u - a cursed +0 ring mail (worn)
Jewellery
 s - a ring of see invisible (left hand)
Wands
 I - a wand of iceblast (4)
Scrolls
 e - 2 scrolls of remove curse {unknown}
 i - 2 scrolls of fog {unknown}
 k - 3 scrolls of enchant weapon {unknown}
 l - 2 scrolls of amnesia {unknown}
 m - a scroll of magic mapping {unknown}
 o - 8 scrolls of identify {unknown}
 q - a scroll of noise {unknown}
 R - a scroll of immolation {unknown}
Potions
 p - 2 potions of heal wounds {unknown}
 Q - 2 potions of curing
 T - a potion of resistance {unknown}
Comestibles
 c - 9 rations


   Skills:
 - Level 4.1 Fighting
 + Level 6.5 Axes
 - Level 3.1 Armour
 - Level 3.2 Dodging
 - Level 2.4 Stealth
 + Level 0.0 Invocations


You had 5 spell levels left.
You didn't know any spells.
Your spell library contained the following spells:

 Spells                   Type           Power        Failure   Level  Hunger
 Confusing Touch          Hex            #.......     90%         3    ####...
 Gell's Gravitas          Tloc           #.........   90%         3    ####...
 Petrify                  Tmut/Erth      #.......     100%        4    #####..
 Metabolic Englaciation   Hex/Ice        #.........   100%        5    ######.
 Yara's Violent Unravell  Hex/Tmut       #.........   100%        5    ######.


Dungeon Overview and Level Annotations

Branches:
Dungeon (4/15)             Temple (1/1) D:4

Altars:
Ashenzari
Cheibriados
Dithmenos
Elyvilon
Fedhas
Gozag
Hepliaklqana
Kikubaaqudgha
Makhleb
Nemelex Xobeh
Okawaru
Qazlal
Ru
Sif Muna
Trog
Uskayaw
Vehumet
Wu Jian
Xom
Yredelemnul
Zin
The Shining One

Shops:
D:4 (


Innate Abilities, Weirdness & Mutations

You are resistant to damage.
You can heal yourself by infusing magical energy.
You passively map a small area around you.
You do not regenerate.
You are frail. (-10% HP)
You are somewhat resistant to further mutation.


Message History

There is an butt hatch in the ceiling here!
Press: ? - help, Shift-Dir - straight line, f - ogre Butt: an ogre, wielding a +0 giant club The puff of flame misses the ogre!
Press: ? - help, Shift-Dir - straight line, f/p - ogre
Aim: an ogre, wielding a +0 giant club The ogre easily resists!
Press: ? - help, Shift-Dir - straight line, f/p - ogre
Aim: an ogre, wielding a +0 giant club The stone arrow butts the ogre!!!
The ogre is heavily wounded!
You dice the ogre but do no damage!
The ogre is heavily wounded!
The ogre misses you!
You dice the ogre but do no damage!
The ogre is heavily wounded!
You dice the ogre like an onion!
You feel better!
The ogre is severely wounded!
The ogre hits you with a +0 giant club!!!!!! rip

,..##* #######
.......####.....## ,
.................,
................
#.......#.....#
*#............##
#............# *##
#.O........## ###..
##..@..###...###.....
#.....## ##..........
, , ,** #.....#
##......... #.....##
##........ , * **
.....### #...##### **
###########* #..##
#........# #..#
####........######
#..##
#_...............#
### ##..##


You could see an ogre.

Vanquished Creatures
  An ogre (D:4)
  A scorpion (D:4)
  A hound (D:4)
  Natasha (thrice) (D:3)
  A hound skeleton (D:3)
  A worker ant zombie (D:3)
  6 adders
  2 worms
  2 dart slugs
  2 leopard geckos (D:2)
  11 orcs
  9 bats
  5 giant cockroaches
  2 gnoll zombies (D:4)
  4 goblins
  6 hobgoblins
  4 jackals (D:1)
  2 quokkas (D:2)
  A ball python (D:2)
  A ball python zombie (D:3)
  8 frilled lizards
  A giant cockroach zombie (D:3)
  11 kobolds
  2 leopard gecko skeletons (D:3)
  9 rats
96 creatures vanquished.

Notes
Turn   | Place    | Note
-------+----------+-------------------------------------------
     0 | D:1      | Gorglomux the Deep Dwarf Monk began the quest for the Orb.
     0 | D:1      | Reached XP level 1. HP: 20/20 MP: 1/1
   155 | D:1      | Reached skill level 3 in Fighting
   155 | D:1      | Reached XP level 2. HP: 14/28 MP: 2/2
   986 | D:2      | Reached skill level 4 in Axes
   986 | D:2      | Reached skill level 1 in Armour
   986 | D:2      | Reached XP level 3. HP: 31/34 MP: 3/3
  1305 | D:2      | Reached XP level 4. HP: 34/42 MP: 4/4
  1627 | D:3      | Noticed Natasha
  1642 | D:3      | Gained mutation: You are frail. (-10% HP) [potion of
                  | mutation]
  1642 | D:3      | Gained mutation: You are somewhat resistant to further
                  | mutation. [potion of mutation]
  1648 | D:3      | Killed Natasha
  1696 | D:3      | Reached XP level 5. HP: 32/45 MP: 5/5
  1763 | D:3      | Noticed Natasha
  1776 | D:3      | Killed Natasha
  2160 | D:3      | Reached skill level 5 in Axes
  2241 | D:3      | Noticed Natasha
  2249 | D:3      | Killed Natasha
  2249 | D:3      | Reached skill level 3 in Armour
  2330 | D:4      | Reached XP level 6. HP: 42/51 MP: 6/6
  2497 | D:4      | Reached skill level 6 in Axes
  2555 | D:4      | Found a staircase to the Ecumenical Temple.
  2610 | D:4      | Found Biboasku's Antique Weapon Boutique.
  2638 | Temple   | Entered the Ecumenical Temple
  2745 | Temple   | Became a worshipper of Makhleb the Destroyer
  2745 | Temple   | Reached * piety under Makhleb
  2745 | Temple   | Reached ** piety under Makhleb
  2834 | D:4      | Found a basalt altar of Yredelemnul.
  2943 | D:4      | Slain by an ogre

Levels and vault maps discovered:
D:1:      nicolae_arrival_memento_mori, layout_loops_ring
D:2:      minmay_spotlight, layout_basic
D:3:      layout_loops_cross, serial_undead, serial_undead_b, serial_undead_d,
          serial_undead_d, serial_undead_a, uniq_natasha
D:4:      layout_layer_cave, lemuel_zombie_altar_yredelemnul,
          minmay_temple_entry_wispy, first_ration, serial_shops,
          nicolae_shop_overgrown_old_shop
Temple:   kilobyte_greek_temple

Skill      XL: |  1  2  3  4  5  6 |
---------------+-------------------+-----
Fighting       | 3 4 |  4.1
Axes           | 4 5 6 |  6.5
Armour         | 1 2 3 |  3.1
Dodging        | |  3.2
Stealth        | |  2.4

Action                   |  1- 3 |  4- 6 || total
-------------------------+-------+-------++-------
Melee: Hand axe          |   157 |   234 ||   391
Throw: Boomerang         |     4 |     3 ||     7
Invok: Minor Destruction |       |     3 ||     3
 Abil: Heal Wounds       |     1 |     3 ||     4
  Use: Potion            |       |     4 ||     4
 Stab: Sleeping          |     4 |     1 ||     5
  Eat: Chunk             |     1 |     4 ||     5
       Ration            |       |     2 ||     2
Armor: Ring mail         |    60 |    56 ||   116
       Robe              |     2 |       ||     2
       Skin              |       |    57 ||    57
Dodge: Dodged            |   123 |   145 ||   268

Table legend:
 A = Non-vault XP
 B = Vault XP
 C = Vault XP percentage of total XP
 D = Non-vault monster count
 E = Vault monster count
 F = Vault count percentage of total count
                 A         B        C        D         E       F
            +---------+---------+-------+---------+---------+-------
      Total |     518 |      87 |  14.4 |      82 |      14 |  14.6
            +---------+---------+-------+---------+---------+-------
        D:1 |      33 |       0 |   0.0 |      21 |       0 |   0.0
        D:2 |      63 |       8 |  11.3 |      22 |       5 |  18.5
        D:3 |     173 |      76 |  30.5 |      29 |       7 |  19.4
        D:4 |     249 |       3 |   1.2 |      10 |       2 |  16.7
            +---------+---------+-------+---------+---------+-------
